 Dungeon Crawl Stone Soup version 0.24.0-13-gcf9b319 (webtiles) character file.

Game seed: 13924466145207247407, levelgen mode: deterministic

74 Fang the Skirmisher (level 4, -1/29 HPs)
             Began as a Gargoyle Berserker on Dec 2, 2019.
             Was a Believer of Trog.
             Slain by Grinder (4 damage)
             ... on level 3 of the Dungeon.
             The game lasted 00:01:32 (1730 turns).

Fang the Skirmisher (Gargoyle Berserker)            Turns: 1730, Time: 00:01:33

Health: -1/29      AC:  5    Str: 21    XL:     4   Next: 28%
Magic:  0/4        EV:  9    Int:  8    God:    Trog [**....]
Gold:   55         SH:  8    Dex:  9    Spells: 3/3 levels left

rFire    . . .     SeeInvis .   a - +0 hand axe
rCold    . . .     Gourm    .   B - +0 shield
rNeg     + . .     Faith    .   b - +0 animal skin
rPois    ∞         Spirit   +   (no helmet)
rElec    +         Reflect  .   (no cloak)
rCorr    .         Harm     .   (no gloves)
MR       .....                  (no boots)
Stlth    +.........             n - amulet of guardian spirit
HPRegen  0.09/turn              (no ring)
MPRegen  0.09/turn              (no ring)

@: berserk cooldown, slowed, very slow
A: negative energy resistance 1, electricity resistance, unbreathing,
petrification resistance, rot immunity, AC +3
a: Berserk, Trog's Hand, Renounce Religion


You were on level 3 of the Dungeon.
You worshipped Trog.
Trog was pleased with you.
You were very hungry.

You visited 1 branch of the dungeon, and saw 3 of its levels.

You collected 55 gold pieces.

Inventory:

Hand Weapons
 a - a +0 hand axe (weapon)
Armour
 b - a +0 animal skin (worn)
 B - a +0 shield (worn)
Jewellery
 n - an amulet of guardian spirit (around neck)
Scrolls
 e - 7 scrolls of identify {unknown}
 g - a scroll of enchant weapon {unknown}
 i - a scroll of immolation {unknown}
 j - 2 scrolls of teleportation {unknown}
 l - 2 scrolls of remove curse {unknown}
 o - a scroll of magic mapping {unknown}
Potions
 d - 2 potions of mutation {unknown}
 h - a potion of agility {unknown}
 k - a potion of curing {unknown}
 m - a potion of cancellation {unknown}
Comestibles
 c - 3 rations


   Skills:
 + Level 3.9 Fighting
 + Level 3.1 Axes
 + Level 3.0 Armour
 + Level 2.1 Dodging
 + Level 1.0 Shields


You had 3 spell levels left.
You didn't know any spells.
Your spell library was empty.

Dungeon Overview and Level Annotations

Branches:
Dungeon (3/15)

Altars:
Ashenzari

Annotations:
D:3 Grinder


Innate Abilities, Weirdness & Mutations

You are resistant to torment.
Your stone body is resilient. (AC +3)
You are immune to poison.
You resist negative energy. (rN+)
You are resistant to electric shocks. (rElec)
You can survive without breathing.
You are immune to petrification.
You are immune to rotting.


Message History

Grinder blinks!
You can move again.
No target in view!
Unknown command.
No target in view!
Unknown command.
You feel a strong urge to attack something.
You are no longer berserk.
You are exhausted.
You feel yourself slow down.
Grinder blinks!
Grinder hits you.
You writhe in agony.
* * * LOW HITPOINT WARNING * * *
Grinder hits you!
* * * LOW HITPOINT WARNING * * *
You writhe in agony.
* * * LOW HITPOINT WARNING * * *
There is a stone staircase leading up here.
You fail to use your ability.
Grinder hits you.
You die...

### #..
#.#######
#.#5#...#
♣♣♣♣.#.....
....#.#.#
#.#.#...#
#5#.#.#.###
#@........#
#.#.#.#####
#.#.#...
#.#.#.###
#.#.#..
#...#.#
#.#.#.#
#.#.#.#


You could see Grinder.

Vanquished Creatures
  3 adders (D:2)
  A worm (D:2)
  3 dart slugs
  2 leopard geckos
  3 giant cockroaches
  2 hobgoblins
  6 kobolds (D:1)
  A quokka (D:2)
  3 bats
  2 frilled lizards
  5 goblins
  8 rats
39 creatures vanquished.

Notes
Turn   | Place    | Note
-------+----------+-------------------------------------------
     0 | D:1      | Fang the Gargoyle Berserker began the quest for the Orb.
     0 | D:1      | Reached XP level 1. HP: 14/14 MP: 1/1
   128 | D:1      | Reached XP level 2. HP: 13/19 MP: 2/2
   348 | D:1      | Found a shattered altar of Ashenzari.
   611 | D:1      | Reached XP level 3. HP: 23/23 MP: 3/3
  1130 | D:2      | Reached XP level 4. HP: 28/29 MP: 4/4
  1230 | D:2      | Reached ** piety under Trog
  1230 | D:2      | Reached skill level 1 in Shields
  1434 | D:3      | Noticed Grinder
  1720 | D:3      | Paralysed by Grinder for 5 turns
  1730 | D:3      | Slain by Grinder

Levels and vault maps discovered:
D:1:      psy_arrival_dodecagon, layout_loops_ring, nicolae_ashenzari_panopticon
D:2:      layout_rooms, nicolae_overflow_hidden_temple
D:3:      layout_basic, chequers_ecumenical_altar_grove,
          makhleb_heckhound_becter, uniq_grinder

Skill      XL: |  1  2  3  4 |
---------------+-------------+-----
Dodging        | 2 |  2.1
Axes           | 3 |  3.1
Armour         | 3 |  3.0
Shields        | 1 |  1.0
Fighting       | |  3.9

Action                   |  1- 3 |  4- 6 || total
-------------------------+-------+-------++-------
Melee: Hand axe          |   108 |    52 ||   160
Invok: Berserk           |     1 |     2 ||     3
 Stab: Sleeping          |     1 |       ||     1
  Eat: Chunk             |     2 |     2 ||     4
Armor: Animal skin       |    34 |    14 ||    48
Dodge: Dodged            |    52 |    18 ||    70
Block: Shield            |    11 |    23 ||    34
